Map: Romanticide LE

Players

goblin - Winner!

  • Race: Protoss Protoss
  • League: Master
  • Spawn Location: 5:00

Epic

  • Race: Terran Terran
  • League: Grandmaster
  • Spawn Location: 11:00

Event: Cheeseadelphia Winter Championship 2021

VOD

Have the link to the VOD?

Description

Time

  • Played on: Jan. 23, 2021, 12:58 p.m.
  • Length: 13:02

All games in this series

Show
View Real Time Build Order
Export as new Build Order

goblin Protoss - Winner!

Build Orders: Proxy Void Ray 

Get SALT Encoding   

  13  0:08  Pylon  
  13  0:12  Probe  
  13  0:27  Gateway  
  13  0:30  Probe (Chrono Boost)  
  14  0:40  Assimilator, Probe (Chrono Boost)  
  15  0:45  Probe (Chrono Boost)  
  15  0:49  Assimilator  
  16  0:56  Probe  
  17  1:08  Probe  
  18  1:14  Cybernetics Core  
  18  1:20  Probe  
  18  1:24  Pylon  
  19  1:32  Probe  
  20  1:45  Probe  
  21  1:50  Adept, Stargate  
  23  1:57  Probe  
  24  2:01  Warp Gate  
  24  2:09  Probe  
  24  2:12  Pylon  
  27  2:25  Void Ray (Chrono Boost)  
  27  2:29  Adept  
  31  2:54  Pylon, Void Ray (Chrono Boost)  
  35  3:17  Shield Battery  
  35  3:19  Shield Battery  
  35  3:21  Shield Battery  
  33  3:33  Void Ray (Chrono Boost)  
  35  3:49  Shield Battery  
  35  3:55  Nexus  
  35  3:57  Pylon  
  35  4:06  Void Ray (Chrono Boost)  
  35  4:11  Probe  
  40  4:18  Stalker  
  40  4:23  Probe  
  43  4:30  Pylon  
  43  4:35  Probe  
  43  4:42  Phoenix  
  45  4:47  Probe  
  45  4:51  Twilight Council  
  46  4:56  Shield Battery  
  46  5:03  Probe (Chrono Boost)  
  47  5:12  Probe (Chrono Boost)  
  49  5:14  Stalker  
  49  5:15  Probe (Chrono Boost)  
  49  5:20  Probe (Chrono Boost)  
  49  5:21  Probe (Chrono Boost)  
  53  5:29  Blink  
  53  5:31  Probe (Chrono Boost)  
  53  5:34  Probe (Chrono Boost)  
  55  5:41  Probe (Chrono Boost)  
  55  5:42  Void Ray  
  57  5:44  Probe (Chrono Boost)  
  57  5:46  Probe (Chrono Boost)  
  62  5:54  Probe  
  62  5:55  Pylon  
  63  5:57  Probe  
  63  5:58  Gateway  
  63  6:03  Gateway  
  64  6:06  Probe  
  64  6:10  Probe  
  65  6:30  Probe x2  
  67  6:41  Stalker  
  67  6:42  Probe  
  70  6:49  Nexus  
  70  6:51  Pylon  
  70  6:56  Pylon, Robotics Facility  
  70  6:58  Sentry  
  70  6:59  Assimilator, Probe  
  70  7:00  Probe  
  74  7:13  Probe x2  
  74  7:14  Assimilator  
  76  7:25  Probe  
  76  7:28  Shield Battery  
  77  7:31  Probe  
  77  7:35  Stalker x3, Forge  
  84  7:38  Probe (Chrono Boost)  
  84  7:43  Probe (Chrono Boost)  
  86  7:44  Robotics Bay  
  86  7:49  Assimilator  
  86  7:50  Probe (Chrono Boost)  
  87  7:53  Shield Battery, Pylon, Probe (Chrono Boost)  
  87  7:55  Charge, Probe (Chrono Boost)  
  87  7:57  Protoss Ground Weapons Level 1  
  89  8:00  Probe (Chrono Boost)  
  89  8:01  Probe (Chrono Boost)  
  92  8:09  Probe (Chrono Boost)  
  92  8:12  Probe (Chrono Boost)  
  94  8:14  Probe (Chrono Boost)  
  94  8:19  Probe (Chrono Boost)  
  96  8:20  Probe x2 (Chrono Boost)  
  96  8:23  Robotics Facility  
  96  8:24  Pylon  
  98  8:29  Probe (Chrono Boost)  
  98  8:32  Colossus  
  106  8:34  Probe x2 (Chrono Boost)  
  106  8:36  Extended Thermal Lance  
  106  8:43  Probe  
  106  8:44  Probe  
  106  8:47  Assimilator  
  106  8:48  Pylon x2  
  108  8:52  Stalker  
  110  8:59  Zealot x2  
  114  9:05  Gateway x2  
  114  9:08  Gateway x2  
  114  9:10  Gateway  
  114  9:11  Pylon  
  114  9:18  Zealot  
  114  9:23  Shield Battery  
  116  9:24  Shield Battery  
  116  9:25  Shield Battery, Colossus (Chrono Boost)  
  121  9:41  Pylon  
  121  9:48  Pylon  
  125  9:52  Colossus (Chrono Boost)  
  125  9:54  Pylon  
  125  9:55  Pylon  
  125  9:57  Templar Archives  
  125  10:00  Zealot  
  125  10:01  Zealot x3  
  133  10:08  Observer (Chrono Boost)  
  130  10:22  Zealot  
  130  10:23  Zealot x7  
  116  10:39  Colossus (Chrono Boost)  
  116  10:42  Protoss Ground Weapons Level 2 (Chrono Boost)  
  104  10:45  Stalker x5  
  104  10:46  Stalker x3  
  120  11:12  Nexus  
  120  11:13  Pylon  
  124  11:19  Immortal (Chrono Boost)  
  124  11:21  Probe x2  
  124  11:22  Warp Prism (Chrono Boost)  
  126  11:26  High Templar x6  
  126  11:31  Archon  
  126  11:32  Archon x2  
  140  11:35  Assimilator, Probe x2  
  140  11:37  Assimilator  
  140  11:38  Pylon  
  142  11:45  Probe  
  143  11:47  Probe  
  143  11:50  High Templar x2  
  148  11:55  Archon  
  148  12:00  Stalker  
  150  12:02  Stalker x4, Zealot  
  150  12:07  Gateway x2  
  161  12:08  Observer  
  161  12:09  Observer  
  128  12:27  Stalker x2, High Templar x2  
  128  12:28  Zealot x4  
  142  12:32  Archon  
  130  12:52  Zealot x6  
Show
View Real Time Build Order
Export as new Build Order

Epic Terran 

Build Orders:  

Get SALT Encoding   

  12  0:00  SCV  
  13  0:12  SCV  
  14  0:17  Supply Depot  
  14  0:24  SCV  
  15  0:38  SCV  
  15  0:39  Barracks  
  16  0:43  Refinery  
  16  0:51  SCV  
  17  1:03  SCV  
  18  1:15  SCV  
  19  1:26  Barracks Reactor  
  19  1:27  Orbital Command  
  19  1:44  Command Center  
  19  1:52  SCV  
  20  1:56  Supply Depot  
  20  2:04  Marine x2  
  22  2:09  Factory  
  22  2:13  SCV  
  23  2:23  Bunker, Marine  
  23  2:25  Marine  
  23  2:27  SCV  
  26  2:39  SCV  
  26  2:41  Marine  
  26  2:42  Marine  
  29  2:52  Bunker, SCV  
  29  2:55  Factory Tech Lab, Refinery  
  30  3:01  Marine  
  30  3:02  Marine  
  30  3:05  SCV  
  33  3:13  Cyclone  
  33  3:19  Marine x2  
  37  3:28  SCV  
  37  3:37  Marine x2  
  35  3:44  SCV  
  35  3:46  Orbital Command  
  36  3:51  Cyclone  
  36  3:55  Marine  
  40  3:56  Marine  
  40  4:00  SCV  
  41  4:11  Starport  
  41  4:13  Orbital Command  
  41  4:14  SCV, Marine  
  41  4:15  Marine  
  44  4:29  Supply Depot  
  44  4:31  Bunker  
  44  4:33  SCV  
  45  4:41  Marine  
  45  4:42  Supply Depot  
  46  4:50  Marine  
  46  4:51  Medivac, Cyclone  
  52  4:53  SCV x2  
  54  5:06  SCV  
  54  5:07  SCV  
  55  5:09  Marine  
  55  5:10  Marine  
  57  5:19  SCV x2  
  59  5:27  Viking  
  61  5:31  Supply Depot, SCV  
  62  5:36  Cyclone, SCV, Marine x2  
  65  5:43  SCV  
  65  5:48  SCV  
  64  5:53  Barracks  
  64  5:54  Barracks, Marine x2  
  64  5:55  SCV  
  67  5:57  Supply Depot  
  67  6:00  Viking  
  67  6:01  SCV  
  70  6:06  Engineering Bay  
  70  6:12  SCV  
  70  6:13  SCV  
  70  6:17  Marine x2  
  74  6:24  SCV  
  71  6:25  SCV  
  71  6:29  Refinery  
  71  6:31  Siege Tank  
  71  6:32  Terran Infantry Weapons Level 1  
  69  6:35  Starport Reactor  
  69  6:38  SCV x2  
  71  6:43  Command Center  
  71  6:47  Missile Turret  
  71  6:48  Barracks Tech Lab x2  
  71  6:49  Marine  
  71  6:50  Marine  
  71  6:52  SCV  
  71  6:53  SCV  
  75  7:00  Refinery  
  75  7:02  Supply Depot  
  75  7:03  Siege Tank  
  78  7:10  Marine x2  
  78  7:11  Stimpack  
  78  7:12  Marauder x2  
  84  7:18  Supply Depot  
  84  7:20  Refinery  
  83  7:25  Supply Depot  
  83  7:27  Medivac  
  83  7:29  Marine x2  
  87  7:33  Medivac  
  87  7:34  Barracks  
  87  7:35  Barracks  
  89  7:38  Supply Depot  
  89  7:40  Supply Depot, SCV x2  
  91  7:48  Marine x2  
  91  7:49  Siege Tank  
  96  7:54  Marauder x2  
  100  7:59  Orbital Command  
  100  8:04  Medivac  
  102  8:06  SCV x2  
  102  8:07  Marine  
  102  8:08  Marine  
  102  8:12  Medivac  
  108  8:18  SCV x2  
  112  8:20  Marauder x2  
  112  8:22  Orbital Command, Marine  
  112  8:23  Marine  
  112  8:27  Combat Shield  
  116  8:32  SCV  
  116  8:33  SCV  
  115  8:36  Marine x2  
  115  8:40  Marine  
  115  8:41  Marine  
  119  8:42  Siege Tank  
  119  8:43  Supply Depot  
  122  8:48  SCV x2  
  122  8:49  SCV  
  122  8:54  Medivac, Marauder x2  
  131  8:58  Supply Depot  
  131  9:00  SCV x2  
  131  9:01  SCV  
  131  9:02  Medivac  
  136  9:03  Marine x3  
  136  9:04  Marine  
  136  9:09  Concussive Shells  
  140  9:12  Refinery x2  
  140  9:14  Supply Depot  
  140  9:15  Supply Depot  
  136  9:17  SCV x3  
  136  9:19  Siege Tank  
  136  9:22  Marauder  
  136  9:23  Marauder  
  146  9:24  Barracks Tech Lab  
  146  9:28  Marine x2  
  146  9:29  Barracks Reactor  
  146  9:34  Supply Depot x2  
  146  9:40  Viking  
  146  9:42  Viking  
  146  9:44  Marauder  
  152  9:49  Marauder x2, Marine x2  
  158  9:55  Terran Infantry Armor Level 1  
  158  9:58  Supply Depot x2  
  158  10:06  Marauder  
  160  10:10  Marine x2  
  160  10:11  Marauder  
  160  10:16  Siege Tank  
  160  10:20  Marauder, Viking x2  
  166  10:28  Marauder  
  144  10:32  Marauder  
  144  10:34  Marine  
  144  10:35  Marine  
  114  10:41  Marauder  
  109  10:42  SCV  
  109  10:43  SCV x2  
  109  10:45  Command Center  
  109  10:49  Marauder  
  113  10:54  Marauder  
  113  10:56  Marine  
  113  10:57  Marine x2  
  104  10:59  Siege Tank  
  104  11:01  Medivac  
  104  11:02  Marauder  
  104  11:04  Medivac  
  106  11:10  Marauder  
  108  11:14  Marine x3  
  108  11:15  Marauder  
  108  11:16  Marine  
  114  11:24  Marauder  
  116  11:31  Siege Tank  
  116  11:32  Marauder  
  121  11:33  Medivac  
  121  11:34  Medivac  
  121  11:36  Marauder  
  121  11:38  Starport  
  127  11:40  Engineering Bay, Armory  
  127  11:41  Marine x4  
  130  11:49  SCV x2  
  130  11:50  SCV  
  133  11:56  Ghost Academy  
  133  12:00  Marauder x3, Marine x4  
  143  12:04  Viking x2  
  143  12:07  SCV x3  
  144  12:19  Marine x2  
  144  12:20  Marine  
  144  12:21  Marauder  
  144  12:22  Marauder x2  
  121  12:24  Viking  
  121  12:25  Siege Tank  
  126  12:30  Marine  
  127  12:37  Marine x3  
Tags
 
Add a new tag
Caveats
  • Supply blocks, unpowered buildings, or Contaminate may cause inaccurate times.
  • Supply counts are checked every 10 seconds.